 Dungeon Crawl Stone Soup version 0.30-a0-269-gf0224bf7b6 (webtiles) character file.

Game seed: 10123613677208010372

11 Darkkill the Shooter (level 2, 0/22 HPs)
             Began as a Human Hunter on Oct 14, 2022.
             Slain by Natasha (8 damage)
             ... on level 2 of the Dungeon.
             The game lasted 00:00:42 (825 turns).

Darkkill the Shooter (Human Hunter)                  Turns: 825, Time: 00:00:43

Health: 0/22       AC:  3    Str: 11    XL:     2   Next: 35%
Magic:  2/2        EV: 12    Int:  9    God:
Gold:   54         SH:  0    Dex: 16    Spells: 1/1 levels left

rFire   . . .      SeeInvis .    a - +0 shortbow
rCold   . . .      Faith    .    (shield currently unavailable)
rNeg    . . .      Spirit   .    c - +0 leather armour
rPois   .          Reflect  .    (no helmet)
rElec   .          Harm     .    (no cloak)
rCorr   .          Rampage  .    (no gloves)
Will    .....                    (no boots)
Stlth   ++........               (no amulet)
HPRegen 0.23/turn                (no ring)
MPRegen 0.08/turn                (no ring)

@: no status effects
A: no striking features
a: no special abilities


You were on level 2 of the Dungeon.
You visited 1 branch of the dungeon, and saw 2 of its levels.

You collected 54 gold pieces.

Inventory:

Hand Weapons
 a - a +0 shortbow (weapon)
Missiles
 e - a stone
Armour
 c - a +0 leather armour (worn)
Scrolls
 b - a scroll of immolation
 f - a scroll of butterflies {unknown}
 g - 2 scrolls of identify {unknown}
 h - a scroll of vulnerability {unknown}
 i - a scroll of blinking {unknown}
 k - 2 scrolls of poison {unknown}
 l - a scroll of fear {unknown}
 n - 2 scrolls of enchant weapon {unknown}
 o - a scroll of teleportation {unknown}
Potions
 d - a potion of degeneration {unknown}
 j - a potion of haste {unknown}
 m - a potion of curing {unknown}
 p - a potion of invisibility {unknown}


   Skills:
 + Level 2.2 Fighting
 + Level 4.1 Ranged Weapons
 + Level 2.2 Dodging
 + Level 1.4 Stealth


You had one spell level left.
You didn't know any spells.
Your spell library was empty.

Dungeon Overview and Level Annotations

Branches:
Dungeon (2/15)

Altars:

Annotations:
D:2 Natasha


Message History

A bat is nearby!
You shoot an arrow. The arrow hits the bat!
You kill the bat!
A bat comes into view.
You shoot an arrow. The arrow hits the bat!
You kill the bat!
A hobgoblin comes into view.
You shoot an arrow. The arrow hits the hobgoblin.
You kill the hobgoblin!
No target in view!
You open the door.
There is an open door here.
There is an open door here.
You open the door.
There is an open door here.
You open the door.
There is an open door here.
There is a staircase leading out of the dungeon here.
There is an open door here.
There is an open door here.
There is a stone staircase leading down here.
You open the door.
A rat comes into view.
You shoot an arrow. The arrow closely misses the rat.
A rat is nearby!
A rat is nearby!
You shoot an arrow. The arrow hits the rat.
You kill the rat!
No target in view!
There is an open door here.
You see here a rat corpse.
m - a green potion
n - 2 scrolls labelled PAGHUH KEORASM No target in view!
o - a scroll labelled VUTUTENIXT You now have 54 gold pieces (gained 17).
Found a human skeleton.
Found two human skeletons.
No target in view!
Found four human skeletons.
No target in view!
No target in view!
Found a minotaur skeleton.
Found a faded altar of an unknown god.
No target in view!
No target in view!
k - 2 scrolls labelled BEAZUXOPPO (gained 1)
You see here a human skeleton.
p - a smoky purple potion You see here a human skeleton.
You open the door.
There is an open door here.
There is an open door here.
There is an open door here.
There is an open door here.
Done exploring.
No target in view!
No target in view!
Done exploring.
Done exploring.
No target in view!
Done exploring.
No target in view!
Done exploring.
There is a stone staircase leading down here.
You climb downwards.
The adder hisses angrily.
Found a scroll labelled PAGHUH KEORASM and a sling.
There is a stone staircase leading up here.
There are monsters nearby!
You shoot an arrow. The arrow barely misses Natasha.
Natasha hisses angrily.
There are monsters nearby!
You shoot an arrow. The arrow closely misses Natasha.
There are monsters nearby!
You shoot an arrow. The arrow hits Natasha.
Natasha is lightly wounded.
The adder misses you. Natasha claws you. The adder bites you.
There are monsters nearby!
You are too injured to fight recklessly!
You are too injured to fight recklessly!
There are monsters nearby!
You are too injured to fight recklessly!
There are monsters nearby!
You are too injured to fight recklessly!
There are monsters nearby!
You are too injured to fight recklessly!
There are monsters nearby!
You are too injured to fight recklessly!
You shoot an arrow.
The arrow hits Natasha but does no damage.
Natasha is lightly wounded.
Natasha misses you. The adder bites you but does no damage.
You shoot an arrow. The arrow hits Natasha.
Natasha is moderately wounded.
The adder bites you. Natasha claws you. The adder bites you.
Natasha misses you.
You shoot an arrow. The arrow hits Natasha.
Natasha is heavily wounded.
The adder bites you but does no damage. Natasha claws you!
You die...

#.).........#
##...........#
.............#
#...........#
.#...........#
.............#
#.....hS.?..#
#.....@.....#
....#......###
# #......#
#......#
#......#
#......#
#......#
#......#


You could see Natasha and an adder.

Vanquished Creatures
  2 bats (D:1)
  A giant cockroach (D:1)
  2 hobgoblins (D:1)
  A kobold (D:1)
  A quokka (D:1)
  A ball python (D:1)
  2 rats (D:1)
10 creatures vanquished.

Notes
Turn   | Place    | Note
-------+----------+-------------------------------------------
     0 | D:1      | Darkkill the Human Hunter began the quest for the Orb.
     0 | D:1      | Reached XP level 1. HP: 16/16 MP: 1/1
   381 | D:1      | Reached XP level 2. HP: 22/22 MP: 2/2
   662 | D:1      | Found a faded altar of an unknown god.
   819 | D:2      | Noticed Natasha
   825 | D:2      | Slain by Natasha

Illustrated notes

Levels and vault maps discovered:
D:1:      saegor_arrival_miasma, layout_loops_corners,
          shapermc_ecumenical_altar_pompeii
D:2:      layout_basic, uniq_terence, uniq_natasha, uniq_robin, uniq_jessica

Action                   || total
-------------------------++-------
 Fire: Shortbow          ||    32
Armor: Leather armour    ||     6
Dodge: Dodged            ||    12

Table legend: (Time is in decaauts)
 A = Elapsed time spent in this place.
 B = Non-inter-level travel time spent in this place.
 C = Inter-level travel time spent in this place.
 D = Time resting spent in this place.
 E = Time spent auto-exploring this place.
 F = Levels seen in this place.
 G = Mean time per level.
                   A        B        C        D        E       F      G
               +--------+--------+--------+--------+--------+-----+--------+
         Total |    835 |    788 |     47 |      0 |    710 |   2 |  417.5 |
       Dungeon |    835 |    788 |     47 |      0 |    710 |   2 |  417.5 |
               +--------+--------+--------+--------+--------+-----+--------+

Top non-repeatable levels by time:
     D:1: 828 daAuts
     D:2: 7 daAuts

Table legend:
 A = Kills in this place as a percentage of kills in entire the game.
 B = Kills by you in this place as a percentage of kills by you in the entire game.
 C = Kills by friends in this place as a percentage of kills by friends in the entire game.
 D = Other kills in this place as a percentage of other kills in the entire game.
 E = Experience gained in this place as a percentage of experience gained in the entire game.
 F = Experience gained in this place divided by the number of levels of this place that you have seen.
                   A       B       C       D       E      F
               +-------+-------+-------+-------+-------+----------------------
         Total | 100.0 | 100.0 |   N/A |   N/A | 100.0 |   8.0
       Dungeon | 100.0 | 100.0 |   N/A |   N/A | 100.0 |   8.0
               +-------+-------+-------+-------+-------+----------------------
